 Dungeon Crawl Stone Soup version 0.23.0 (webtiles) character file.

Game seed: 5496307929423777023

423679 Prakerore the Slayer (level 22, -4/220 HPs)
             Began as a Minotaur Berserker on Feb 10, 2019.
             Was a High Priest of Trog.
             Killed from afar by a deep elf sorcerer (45 damage)
             ... with damnation
             ... on level 3 of the Elven Halls on Feb 11, 2019.
             The game lasted 05:05:47 (61807 turns).

Prakerore the Slayer (Minotaur Berserker)          Turns: 61807, Time: 05:05:49

Health: -4/220     AC: 16    Str: 26    XL:     22   Next: 70%
Magic:  0/13       EV: 17    Int: 11    God:    Trog [*****.]
Gold:   3192       SH: 16    Dex: 12    Spells: 21/21 levels left

rFire    + + +     SeeInvis .   f - +3 demon whip (antimagic)
rCold    + + .     Gourm    .   S - +0 shield {reflect}
rNeg     + . .     Faith    +   i - +7 scale mail "Quhymuq" {rCorr}
rPois    +         Spirit   +   h - -2 hat of the Alchemist {rElec rPois rF+ rC+ rN+ MR+ rMut rCorr}
rElec    +         Reflect  +   g - scarf {Spirit}
rCorr    +         Harm     .   e - +0 pair of gloves {Str+3}
rMut     +                      s - +1 pair of boots
MR       +++..                  p - amulet of faith
Stlth    +.........             K - ring of protection from cold
HPRegen  0.46/turn              y - ring "Ylluge Facoth" {*Corrode rPois rF++ MR+ MP+9}
MPRegen  0.13/turn

@: corroded, very slightly contaminated
A: retaliatory headbutt, horns 2, blurry vision 1
}: 2/15 runes: decaying, gossamer
a: Berserk, Trog's Hand, Brothers in Arms, Renounce Religion


You were on level 3 of the Elven Halls.
You worshipped Trog.
Trog was extremely pleased with you.
You were not hungry.

You visited 8 branches of the dungeon, and saw 43 of its levels.
You visited the Abyss 1 time.
You visited 1 bazaar.
You also visited: Ossuary.

You collected 6697 gold pieces.
You spent 3505 gold pieces at shops.

Inventory:

Hand Weapons
 d - the +5 mace of Cacarod {drain, rElec Dex+2 Stlth+}
   (Trog gifted it to you on level 4 of the Depths)

   A truly terrible weapon, it drains the life of those it strikes.
   It affects your dexterity (+2).
   It insulates you from electricity.
   It makes you more stealthy.
 f - a +3 antimagic demon whip (weapon)
 z - the +8 whip "Snakebite" {curare, rPois}
   (Trog gifted it to you on level 3 of the Depths)

   It poisons the flesh of those it strikes.
   It protects you from poison.
 R - a +2 whip of electrocution
 T - a +2 morningstar of holy wrath
 V - a +0 blowgun
Missiles
 J - 28 curare-tipped needles
 Q - 8 javelins of penetration (quivered)
Armour
 e - a +0 pair of gloves of strength (worn)
 g - a scarf of spirit shield (worn)
 h - the -2 hat of the Alchemist (worn) {rElec rPois rF+ rC+ rN+ MR+ rMut rCorr}
   (You bought it in a shop in a bazaar)

   It protects you from fire.
   It protects you from cold.
   It insulates you from electricity.
   It protects you from poison.
   It protects you from negative energy.
   It affects your resistance to hostile enchantments.
   It provides partial protection from all sources of acid and corrosion.
   It protects you from mutation.
 i - the +7 scale mail "Quhymuq" (worn) {rCorr}
   (You bought it in a shop on level 1 of the Depths)

   It provides partial protection from all sources of acid and corrosion.
 s - a +1 pair of boots (worn)
 S - a +0 shield of reflection (worn)
Jewellery
 o - an uncursed ring of positive energy
 p - an amulet of faith (around neck)
 q - an uncursed ring of see invisible
 y - the ring "Ylluge Facoth" (right hand) {*Corrode rPois rF++ MR+ MP+9}
   (You bought it in a shop on level 7 of the Dungeon)

   [ring of magical power]

   It greatly protects you from fire.
   It protects you from poison.
   It affects your resistance to hostile enchantments.
   It affects your magic capacity (+9).
   It may corrode you when you take damage.
 K - a ring of protection from cold (left hand)
 M - the ring "Zawnaad" {MR+ Str+3}
   (You found it on level 2 of the Depths)

   [ring of protection from magic]

   It affects your strength (+3).
   It affects your resistance to hostile enchantments.
Wands
 W - a wand of digging (15)
Scrolls
 b - 2 scrolls of summoning {unknown}
 j - 6 scrolls of blinking
 k - 13 scrolls of enchant weapon
 l - 19 scrolls of remove curse
 m - 34 scrolls of identify
 r - a scroll of vulnerability {unknown}
 t - 5 scrolls of fear
 u - a scroll of brand weapon {vault, unknown}
 x - 3 scrolls of holy word {unknown}
 D - 12 scrolls of fog {unknown}
 G - 11 scrolls of magic mapping {unknown}
 I - 3 scrolls of immolation {unknown}
 L - 7 scrolls of enchant armour {unknown}
 Y - a scroll of torment {unknown}
 Z - 17 scrolls of teleportation
Potions
 a - 11 potions of haste
 n - 4 potions of magic {unknown}
 v - 16 potions of flight {unknown}
 w - 12 potions of heal wounds
 A - 7 potions of agility {unknown}
 B - 3 potions of invisibility {unknown}
 C - 11 potions of curing
 E - 5 potions of cancellation {unknown}
 F - 10 potions of brilliance {unknown}
 H - 2 potions of ambrosia
 N - 7 potions of might {unknown}
 P - 3 potions of lignification {unknown}
 U - 3 potions of resistance {unknown}
 X - 3 potions of mutation {unknown}
Comestibles
 c - 35 rations


   Skills:
 + Level 23.5 Fighting
   Level 6.6 Short Blades
   Level 9.2(14.3) Axes
 - Level 17.4(18.1) Maces & Flails
   Level 12.7(15.6) Slings
 + Level 14.3(15.7) Throwing
 + Level 19.2 Armour
 + Level 12.0 Dodging
 + Level 4.3 Stealth
 + Level 18.6 Shields
   Level 12.1 Invocations


You had 21 spell levels left.
You didn't know any spells.
Your spell library contained the following spells:

 Spells                   Type           Power        Failure   Level  Hunger
 Corona                   Hex            #......      52%         1    ##.....
 Magic Dart               Conj           #...         52%         1    ##.....
 Summon Butterflies       Summ           #.......     52%         1    ##.....
 Ensorcelled Hibernation  Hex/Ice        #.....       65%         2    ###....
 Searing Ray              Conj           #.....       65%         2    ###....
 Call Canine Familiar     Summ           #.......     87%         3    ####...
 Confuse                  Hex            #.......     87%         3    ####...
 Dazzling Spray           Conj/Hex       #.....       87%         3    ####...
 Tukima's Dance           Hex            #.......     87%         3    ####...
 Force Lance              Conj/Tloc      #.......     99%         4    #####..
 Fulminant Prism          Conj/Hex       #.........   99%         4    #####..
 Iskenderun's Mystic Bla  Conj           #.......     99%         4    #####..
 Summon Ice Beast         Ice/Summ       #.......     99%         4    #####..
 Summon Mana Viper        Hex/Summ       #.......     100%        5    ######.
 Summon Hydra             Summ           #.........   100%        7    #######


Dungeon Overview and Level Annotations

Branches:
Dungeon (15/15)            Temple (0/1) D:7            Lair (6/6) D:11
  Swamp (4/4) Lair:4       Spider (4/4) Lair:2        Slime (0/5) Lair:5
    Orc (2/2) D:10            Elf (3/3) Orc:2        Vaults (4/5) D:14
  Crypt (0/3) Vaults:2     Depths (5/5) D:15
    Zot: Depths:5

Altars:
Ashenzari
Gozag
Kikubaaqudgha
Nemelex Xobeh
Trog
Uskayaw
Vehumet
Wu Jian
Xom
Zin
The Shining One
Beogh
Jiyva

Shops:
D:4 *   D:7 =   D:13 *   Orc:1 (   Orc:2 :=}=   Elf:1 }=}   Vaults:1 [[*
Vaults:2 *   Vaults:3 *   Vaults:4 *   Depths:1 [([?   Depths:2 [=   Depths:3 (

Portals:
Hell: Depths:1 Depths:2 Depths:3 Depths:5
Abyss: Depths:3 Depths:4 Depths:5
Pandemonium: Depths:3
Ziggurat: Depths:3
Trove: Elf:1 (give 2 scrolls of acquirement)

Annotations:
D:3 exclusion: downstairs
D:6 exclusion: 2 downstairs
D:9 exclusion: downstairs
D:10 exclusion: downstairs
D:11 exclusion: 2 downstairs
D:12 1 runed translucent door, exclusion: orange crystal statue
D:14 exclusion: 2 downstairs
Lair:5 exclusion: 2 downstairs
Swamp:1 exclusion: downstairs
Swamp:2 exclusion: downstairs
Swamp:3 exclusion: 2 downstairs
Spider:1 3 runed translucent doors, exclusion: downstairs, Nova322's ghost, adept NaIE
Spider:2 exclusion: 2 downstairs
Spider:3 exclusion: downstairs
Orc:1 exclusion: downstairs
Elf:1 exclusion: Roxanne, Roxanne
Elf:2 3 runed translucent doors, exclusion: downstairs
Vaults:2 3 runed translucent doors, exclusion: downstairs, sanboga's ghost, adept GrBe
Vaults:3 exclusion: 2 downstairs
Vaults:4 3 runed translucent doors, Faca's ghost, adept MiBe
Depths:1 exclusion: downstairs
Depths:2 exclusion: 2 downstairs
Depths:3 1 runed translucent door, 4 exclusions
Depths:4 exclusions: 3 downstairs and 1 more exclusion
Depths:5 Boris


Innate Abilities, Weirdness & Mutations

You reflexively headbutt those who attack you in melee.
You have a pair of horns on your head.
Scrolls take you a little longer to read.


Message History

Blink to where?
Press: ? - help, Dir - move target cursor You are very lightly contaminated with residual magic.
As you read the scroll of blinking, it crumbles to dust.
Unknown command.
Unknown command.
The deep elf elementalist points at you and mumbles some strange words.
Some walls begin to move on their own!
The deep elf high priest calls down the wrath of its god upon you.
Something smites you!
* * * LOW HITPOINT WARNING * * *
Unknown command.
You feel yourself speed up.
The deep elf elementalist seems less brilliant. x2
The deep elf sorcerer seems less brilliant.
The deep elf elementalist is empowered by the deep elf high priest's aura! x2
The deep elf sorcerer is empowered by the deep elf high priest's aura!
The deep elf sorcerer casts a spell at you.
The sphere of damnation explodes!
The damnation engulfs you!!!
You die...

#.# ######.# #.#
#...##.# #.#
...#.##.# ##.####
#.##.# ## ###..####
#.##<# .#
##...E...###.##.#
.###..Ee.E.e..E.##.#
......E§EEeE.#E..#.#
###...Ee.EeE.e..@..#
# #....E..xe.eE(.###
#####...####(###
##### .((.. ..(.(...
....#...#..
...........
####(.... ## #######


You could see a deep elf master archer, a deep elf sorcerer, 2 deep elf
elementalists, 2 deep elf high priests, 8 earth elementals and a small
abomination.

Vanquished Creatures
  An ancient lich (Depths:3)
  Frederick (Vaults:3)
  the Lernaean hydra (Swamp:4)
  Xtahua (Depths:4)
  Nikola (Swamp:1)
  the Enchantress (Depths:2)
  A bone dragon (Abyss:3)
  3 liches
  Rupert (D:14)
  A deep elf master archer (Elf:3)
  2 deep elf blademasters (Elf:3)
  The ghost of drazt1k the Peltast, an adept HuWn of Trog (Spider:4)
  3 sphinxes (Depths:3)
  Kirke (Swamp:1)
  2 tengu reavers
  6 fire giants
  3 frost giants
  A storm dragon (D:13)
  3 deep elf sorcerers
  11 vault wardens
  A draconian scorcher (Abyss:3)
  5 ghost moths
  A balrug (Depths:2)
  An orc warlord (D:10)
  4 emperor scorpions
  A caustic shrike zombie (Depths:3)
  A juggernaut zombie (Depths:3)
  A draconian stormcaller (Depths:5)
  5 ironheart preservers
  A curse skull (Vaults:2)
  A deep elf elementalist (Elf:3)
  A war gargoyle (Vaults:1)
  A caustic shrike skeleton (Depths:3)
  2 spriggan defenders
  2 reapers (Depths:3)
  6 entropy weavers
  12 stone giants
  19 very ugly things
  A vampire knight (Vaults:2)
  7 deep elf annihilators
  A white draconian (Depths:5)
  4 deep elf demonologists
  4 spark wasps
  6 ettins
  5 deep elf death magi (Depths:3)
  An ettin (shapeshifter) (Elf:1)
  13 fire dragons
  11 great orbs of eyes
  11 yaktaur captains
  12 ogre magi
  2 jiangshi (Depths:3)
  A rakshasa (Vaults:3)
  6 vault guards
  Josephine (Swamp:1)
  A hell beast (Depths:3)
  2 spriggan air magi (Depths:2)
  9 centaur warriors
  A shambling mangrove (Swamp:3)
  5 ice dragons
  2 quicksilver dragon skeletons
  A juggernaut simulacrum (Depths:3)
  4 ghost crabs
  29 hydras
  A queen ant (D:11)
  8 dancing weapons
  5 death yaks
  3 alligators
  2 orc high priests
  39 two-headed ogres
  4 tengu warriors
  4 deep troll earth magi
  A titan zombie (Depths:3)
  2 deep troll shamans (Depths:2)
  2 vampire magi
  A shock serpent (shapeshifter) (Elf:2)
  2 spriggan berserkers
  2 sun demons (Depths:2)
  17 deep elf knights
  A storm dragon skeleton (Depths:3)
  7 skeletal warriors
  4 deep trolls
  2 shadow wraiths
  2 iron trolls (Depths:2)
  6 wizards
  5 unseen horrors
  14 swamp dragons
  4 flayed ghosts
  5 glowing orange brains
  2 glowing orange brains (shapeshifter)
  7 ironbrand convokers
  A golden dragon skeleton (Depths:3)
  A lindwurm (Lair:6)
  7 orc knights
  A shadow dragon zombie (Depths:3)
  Pikel (D:6)
  15 deep elf archers
  11 necromancers
  4 harpies
  A lindwurm (shapeshifter) (Vaults:1)
  30 wolf spiders
  A sphinx zombie (D:15)
  25 ugly things
  3 tengu skeletons (Depths:3)
  14 orb spiders
  61 deep elf magi
  A phantasmal warrior (Vaults:4)
  2 orc sorcerers
  3 cyclopes
  4 manticores
  A worldbinder (Abyss:3)
  A fire giant skeleton (Depths:3)
  3 elephants (Lair:5)
  Maurice (Orc:2)
  3 moths of wrath
  3 frost giant zombies
  A frost giant skeleton (Depths:3)
  9 apocalypse crabs (Depths:2)
  2 centaur zombies
  2 spriggan zombies (Depths:3)
  6 vault sentinels
  A smoke demon (Depths:4)
  A molten gargoyle (Lair:6)
  17 eyes of devastation (Depths:4)
  9 black mambas
  Psyche (D:10)
  3 human zombies
  2 spiny frogs (shapeshifter)
  20 spiny frogs
  A torpor snail (Lair:6)
  6 gargoyles
  A yaktaur zombie (D:15)
  A rime drake (shapeshifter) (Vaults:3)
  42 yaktaurs
  2 kobold demonologists
  A redback zombie (D:15)
  A spark wasp simulacrum (Depths:3)
  8 demonic crawlers
  3 rime drakes
  5 freezing wraiths
  10 komodo dragons
  4 spriggan skeletons
  A red devil (Depths:4)
  An ancient zyme (Abyss:3)
  2 elf skeletons
  5 trolls
  3 tengu conjurers
  33 jumping spiders
  22 blink frogs
  20 hornets
  32 slime creatures
  6 bog bodies
  8 tyrant leeches
  4 dream sheep (Lair:6)
  7 hippogriffs
  A deep troll skeleton (Depths:1)
  2 frost giant simulacra
  2 fire dragon zombies (Depths:1)
  A hippogriff (shapeshifter) (Abyss:3)
  A ynoxinul (Abyss:3)
  4 air elementals
  11 starcursed masses (Abyss:3)
  6 large abominations (Abyss:3)
  7 wyverns
  3 water elementals
  A small abomination (Abyss:3)
  A vampire (D:14)
  4 spriggans
  4 shadows
  An ettin skeleton (Vaults:3)
  7 wraiths
  64 redbacks
  12 yaks
  33 tarantellas
  10 basilisks
  A golden eye (shapeshifter) (Vaults:1)
  A neqoxec (Abyss:3)
  A steam dragon (Lair:6)
  3 fire elementals
  3 golden eyes (Depths:4)
  A hog (Swamp:1)
  2 hungry ghosts
  21 vampire mosquitoes
  6 soldier ants (D:11)
  15 swamp worms
  12 insubstantial wisps
  6 wargs
  2 acid dragons
  7 water moccasins
  3 tengu zombies
  5 hell hounds
  A floating eye (Depths:4)
  2 hornet zombies (D:15)
  A human skeleton (Vaults:3)
  23 orc warriors
  9 porcupines
  5 sky beasts
  20 swamp drakes
  5 black bears
  2 ice beasts
  A slave (D:6)
  4 phantoms
  An eye of draining (shapeshifter) (Depths:3)
  45 ogres
  9 centaurs
  17 crocodiles
  An elf simulacrum (Depths:3)
  2 elf zombies
  6 big kobolds
  11 bullfrogs
  2 earth elementals
  A gnoll sergeant (D:5)
  A glowing shapeshifter simulacrum (Depths:3)
  A hornet simulacrum (D:13)
  A wyvern skeleton (D:9)
  4 scorpions
  6 killer bees (D:7)
  A water moccasin skeleton (D:7)
  12 wights
  2 human simulacra (Vaults:3)
  6 howler monkeys
  7 electric eels
  4 crimson imps
  5 lava snakes (Lair:6)
  3 bullfrog zombies
  A bullfrog skeleton (D:4)
  8 hounds
  A gnoll shaman (D:8)
  13 orc priests
  7 jellies
  5 centaur skeletons
  2 iguanas
  2 iron imps
  Terence (D:3)
  Jessica (D:3)
  19 orc wizards
  A killer bee zombie (D:7)
  22 worker ants
  A big kobold zombie (Ossuary)
  A hound zombie (D:6)
  3 hound skeletons
  4 mummies (Ossuary)
  A worker ant zombie (D:9)
  A howler monkey skeleton (D:5)
  7 gnolls
  16 adders
  4 shadow imps
  An ufetubus (Abyss:3)
  2 adder zombies
  2 adder skeletons (D:6)
  5 worms
  A dart slug (D:3)
  5 leopard geckos
  112 orcs
  7 giant cockroaches
  A gnoll zombie (Ossuary)
  8 goblins
  11 hobgoblins
  11 jackals
  4 quokkas
  3 ball pythons
  A ball python skeleton (D:6)
  11 bats
  8 frilled lizards
  A giant cockroach zombie (D:5)
  3 goblin skeletons (D:8)
  A goblin zombie (D:8)
  4 hobgoblin zombies
  A jackal skeleton (D:4)
  23 kobolds
  3 kobold zombies
  A leopard gecko zombie (D:4)
  2 orc zombies
  11 rats
  3 rat zombies (Ossuary)
  4 fungi
1759 creatures vanquished.

Vanquished Creatures (collateral kills)
  A shard shrike (shapeshifter) (Vaults:1)
  Arachne (Spider:4)
  Asterion (Vaults:2)
  A deep elf master archer (Elf:3)
  A lich (Depths:3)
  A ghoul (Vaults:2)
  2 spriggan defenders (Depths:2)
  4 very ugly things
  A deep elf annihilator (Elf:3)
  A deep elf death mage (Elf:3)
  A spark wasp (Spider:4)
  3 hydras
  2 centaur warriors
  A two-headed ogre (Vaults:2)
  A spriggan berserker (Depths:3)
  Sonja (D:13)
  A wizard (Depths:3)
  3 ugly things (Depths:1)
  A wolf spider (Spider:4)
  2 molten gargoyles (Lair:6)
  A naga mage (Depths:3)
  A tyrant leech (Swamp:3)
  3 redbacks (Spider:4)
  A wraith (Vaults:2)
  A steam dragon (Lair:6)
  2 vampire mosquitoes (Swamp:4)
  2 crawling corpses (Elf:3)
41 creatures vanquished.

Vanquished Creatures (others)
  A fire giant (D:13)
  A deep elf annihilator (Elf:2)
  A yaktaur captain (Depths:3)
  A deep elf knight (Elf:1)
  An unseen horror (shapeshifter) (D:14)
  An unseen horror (D:13)
  2 deep elf archers
  A deep elf mage (Elf:2)
  6 yaktaurs
  2 wraiths (Swamp:1)
  An orc warrior (D:13)
  An orc wizard (Elf:2)
  An adder (D:6)
  An orc (D:6)
  2 fungi (D:11)
23 creatures vanquished.

Grand Total: 1823 creatures vanquished

Notes
Turn   | Place    | Note
-------+----------+-------------------------------------------
     0 | D:1      | Prakerore the Minotaur Berserker began the quest for the
                  | Orb.
     0 | D:1      | Reached XP level 1. HP: 19/19 MP: 0/0
    10 | D:1      | Noticed a bullfrog
    69 | D:1      | Reached XP level 2. HP: 19/27 MP: 1/1
   166 | D:1      | Reached skill level 4 in Fighting
   323 | D:1      | Reached ** piety under Trog
   536 | D:2      | Reached XP level 3. HP: 28/34 MP: 2/2
   839 | D:2      | Reached XP level 4. HP: 41/41 MP: 3/3
   862 | D:2      | Reached *** piety under Trog
  1072 | D:3      | Noticed Terence
  1079 | D:3      | Killed Terence
  1084 | D:3      | Reached skill level 1 in Short Blades
  1089 | D:3      | Reached XP level 5. HP: 34/47 MP: 4/4
  1405 | D:3      | Noticed Jessica
  1410 | D:3      | Killed Jessica
  1453 | D:3      | Reached **** piety under Trog
  1563 | D:3      | Found an ancient bone altar of Kikubaaqudgha.
  1702 | D:4      | Noticed an ogre
  1845 | D:4      | Noticed a centaur
  1851 | D:4      | Killed a centaur
  1851 | D:4      | Reached XP level 6. HP: 52/55 MP: 5/5
  1885 | D:4      | Found a hide-covered altar of Uskayaw.
  1885 | D:4      | Noticed a +0 dagger
  1886 | D:4      | Noticed a +0 dagger
  2075 | D:4      | Reached skill level 1 in Shields
  2149 | D:4      | Reached skill level 5 in Fighting
  2149 | D:4      | Reached skill level 1 in Invocations
  2185 | D:4      | Found Untetug's General Store.
  2192 | D:4      | Bought a potion of degeneration for 14 gold pieces
  2192 | D:4      | Bought a scroll of remove curse for 42 gold pieces
  2225 | D:4      | Reached XP level 7. HP: 54/61 MP: 7/7
  2580 | D:5      | Entered Level 5 of the Dungeon
  2588 | D:5      | Reached skill level 1 in Stealth
  2852 | D:5      | Found a bloodstained altar of Trog.
  2928 | D:5      | Reached skill level 5 in Short Blades
  2928 | D:5      | Reached skill level 1 in Slings
  2954 | D:5      | Reached XP level 8. HP: 59/70 MP: 9/9
  3308 | D:6      | Reached ***** piety under Trog
  3330 | D:6      | Found a shattered altar of Ashenzari.
  3331 | D:6      | Found a glowing silver altar of Zin.
  3343 | D:6      | Reached skill level 6 in Fighting
  3694 | D:6      | Found a sparkling altar of Nemelex Xobeh.
  3743 | D:6      | Noticed Pikel
  3768 | D:6      | Killed Pikel
  3768 | D:6      | Reached skill level 7 in Fighting
  3768 | D:6      | Reached skill level 5 in Armour
  3768 | D:6      | Reached skill level 5 in Invocations
  4191 | D:6      | Reached skill level 5 in Slings
  4196 | D:6      | Found an ornate altar of the Wu Jian Council.
  4537 | D:6      | Reached skill level 1 in Maces & Flails
  4625 | D:7      | Found a staircase to the Ecumenical Temple.
  4641 | D:7      | Reached XP level 9. HP: 78/79 MP: 12/12
  4644 | D:7      | Found Xasiuk's Jewellery Emporium.
  4701 | D:7      | Received a gift from Trog
  4701 | D:7      | Reached skill level 1 in Throwing
  4978 | D:7      | Found a shimmering altar of Xom.
  5092 | D:7      | Reached skill level 8 in Fighting
  5094 | D:7      | Received a gift from Trog
  5541 | D:8      | Found a glowing golden altar of the Shining One.
  5667 | D:8      | Found a sand-covered staircase.
  5696 | Ossuary  | Entered an ossuary
  5714 | Ossuary  | Reached skill level 5 in Axes
  6126 | D:8      | Found an ancient bone altar of Kikubaaqudgha.
  6187 | D:8      | Received a gift from Trog
  6208 | D:8      | Reached skill level 9 in Fighting
  6268 | D:8      | You fall through a shaft!
  6277 | D:9      | Reached XP level 10. HP: 70/91 MP: 15/15
  6522 | D:9      | Received a gift from Trog
  6567 | D:9      | You fall through a shaft!
  6567 | D:10     | Entered Level 10 of the Dungeon
  6567 | D:10     | Noticed a two-headed ogre
  6574 | D:10     | Killed a two-headed ogre
  6574 | D:10     | Reached skill level 5 in Dodging
  7427 | D:9      | Found a radiant altar of Vehumet.
  7535 | D:9      | Got a bloodstained robe
  7549 | D:9      | Reached skill level 10 in Fighting
  7831 | D:10     | Reached ****** piety under Trog
  7876 | D:10     | Noticed Psyche
  7884 | D:10     | Killed Psyche
  7971 | D:10     | Found a staircase to the Orcish Mines.
  8233 | D:10     | Received a gift from Trog
  8548 | D:11     | Reached skill level 10 in Invocations
  8628 | D:11     | Noticed a queen ant
  8641 | D:11     | Killed a queen ant
  8641 | D:11     | Reached XP level 11. HP: 84/101 MP: 14/17
  8769 | D:11     | Reached skill level 11 in Fighting
  8942 | D:11     | Found a staircase to the Lair.
  9369 | D:11     | Received a gift from Trog
  9402 | D:11     | You fall through a shaft!
  9499 | D:12     | Received a gift from Trog
  9860 | D:12     | Reached skill level 10 in Slings
 10366 | D:11     | Reached skill level 5 in Maces & Flails
 10374 | Lair:1   | Entered Level 1 of the Lair of Beasts
 10476 | Lair:1   | Reached skill level 12 in Fighting
 11448 | Lair:2   | Received a gift from Trog
 11448 | Lair:2   | Reached XP level 12. HP: 113/113 MP: 19/19
 11511 | Lair:2   | Found a hole to the Spider Nest.
 13067 | Lair:4   | Reached skill level 13 in Fighting
 13128 | Lair:4   | Noticed a five-headed hydra
 13135 | Lair:4   | Killed a five-headed hydra
 13200 | Lair:4   | Found a staircase to the Swamp.
 13852 | Lair:5   | Found a staircase to the Slime Pits.
 13852 | Lair:5   | Found a viscous altar of Jiyva.
 13917 | Lair:5   | Reached skill level 14 in Fighting
 14007 | Lair:5   | Noticed a death yak
 14028 | Lair:5   | Killed a death yak
 14064 | Lair:5   | Noticed a death yak
 14065 | Lair:5   | Noticed a death yak
 14085 | Lair:5   | Noticed a death yak
 14094 | Lair:5   | Killed a death yak
 14094 | Lair:5   | Reached skill level 5 in Shields
 14103 | Lair:5   | Killed a death yak
 14109 | Lair:5   | Killed a death yak
 14603 | Lair:6   | Entered Level 6 of the Lair of Beasts
 14678 | Lair:6   | Received a gift from Trog
 14678 | Lair:6   | Reached XP level 13. HP: 113/125 MP: 7/21
 15142 | Lair:6   | Identified the cursed +0 robe of the Invisible Hand {rElec
                  | rPois} (You found it on level 9 of the Dungeon)
 15215 | Lair:6   | Reached skill level 15 in Fighting
 15312 | Lair:6   | Received a gift from Trog
 16843 | Lair:6   | Found a large runed translucent door.
 16843 | Lair:6   | Found a large runed translucent door.
 16868 | Lair:6   | Noticed a fire dragon
 17040 | Lair:6   | Killed a fire dragon
 17399 | D:7      | Bought the ring "Ylluge Facoth" {*Corrode rPois rF++ MR+
                  | MP+9} for 730 gold pieces
 17569 | Swamp:1  | Entered Level 1 of the Swamp
 17593 | Swamp:1  | Received a gift from Trog
 17829 | Swamp:1  | Noticed Josephine
 17840 | Swamp:1  | Killed Josephine
 17848 | Swamp:1  | Noticed Nikola
 17863 | Swamp:1  | Killed Nikola
 17863 | Swamp:1  | Reached skill level 5 in Throwing
 17863 | Swamp:1  | Reached XP level 14. HP: 61/136 MP: 9/22
 18085 | Swamp:1  | Noticed Kirke
 18120 | Swamp:1  | Killed Kirke
 18564 | Swamp:2  | Reached skill level 10 in Maces & Flails
 18714 | Swamp:2  | Reached skill level 16 in Fighting
 19037 | Swamp:2  | Received a gift from Trog
 19459 | Swamp:2  | Received a gift from Trog
 19702 | Swamp:3  | Reached skill level 10 in Armour
 20778 | Swamp:4  | Entered Level 4 of the Swamp
 20778 | Swamp:4  | Found the +10 dark maul {crush}
 21190 | Swamp:4  | Received a gift from Trog
 21517 | Swamp:4  | Reached XP level 15. HP: 119/145 MP: 23/23
 21778 | Swamp:4  | Upgraded the game from 0.23-b1-84-g6588a6b to 0.23.0
 22501 | Swamp:4  | Noticed the 27-headed Lernaean hydra
 22517 | Swamp:4  | Killed the 26-headed Lernaean hydra
 22686 | Swamp:4  | Received a gift from Trog
 22870 | Swamp:4  | Got a decaying rune of Zot
 23314 | Orc:1    | Entered Level 1 of the Orcish Mines
 23378 | Orc:1    | Noticed an orc warlord
 23544 | D:10     | Reached skill level 17 in Fighting
 23751 | D:10     | Killed an orc warlord
 23984 | Orc:1    | Found Bomulot's Weapon Shoppe.
 24139 | Orc:2    | Entered Level 2 of the Orcish Mines
 24139 | Orc:2    | Noticed Maurice
 24210 | Orc:2    | Received a gift from Trog
 24446 | Orc:2    | Killed Maurice
 24505 | Orc:2    | Received a gift from Trog
 24782 | Orc:2    | Reached skill level 10 in Throwing
 24782 | Orc:2    | Reached XP level 16. HP: 148/155 MP: 24/24
 24885 | Orc:2    | Found Kestuv's Book Shop.
 24885 | Orc:2    | Found Vyocem's Jewellery Shoppe.
 24887 | Orc:2    | Found Vuanecs's Gadget Shoppe.
 24887 | Orc:2    | Found Wogiusez's Jewellery Boutique.
 24910 | Orc:2    | Found a staircase to the Elven Halls.
 24912 | Orc:2    | Bought a cursed amulet of inaccuracy for 26 gold pieces
 25459 | Spider:1 | Entered Level 1 of the Spider Nest
 25855 | Spider:1 | Received a gift from Trog
 26460 | Spider:1 | Found a roughly hewn altar of Beogh.
 26637 | Spider:1 | Received a gift from Trog
 26981 | Spider:1 | Found a runed translucent gate.
 26981 | Spider:1 | Found a runed translucent gate.
 26981 | Spider:1 | Found a runed translucent gate.
 27119 | Spider:1 | Received a gift from Trog
 27276 | Spider:1 | Noticed Nova322's ghost (adept NaIE)
 30294 | Spider:3 | Reached skill level 10 in Shields
 30362 | Spider:2 | Received a gift from Trog
 30992 | Spider:3 | Received a gift from Trog
 31348 | Spider:4 | Entered Level 4 of the Spider Nest
 31365 | Spider:4 | Noticed Arachne
 31388 | Spider:4 | Killed Arachne
 31586 | Spider:4 | Reached XP level 17. HP: 131/163 MP: 7/25
 31915 | Spider:4 | Received a gift from Trog
 32519 | Spider:4 | Found a runed translucent door.
 32519 | Spider:4 | Noticed drazt1k's ghost (adept HuWn)
 32561 | Spider:4 | Killed drazt1k's ghost
 32561 | Spider:4 | Reached skill level 18 in Fighting
 33353 | Spider:4 | Reached skill level 15 in Armour
 33881 | Spider:4 | Received a gift from Trog
 34149 | Spider:4 | Got a gossamer rune of Zot
 34449 | D:12     | Found a runed translucent door.
 34642 | D:13     | Found Fiahej's General Store.
 34677 | D:13     | Bought a scroll of teleportation for 48 gold pieces
 34677 | D:13     | Bought a scroll of noise for 16 gold pieces
 34677 | D:13     | Bought a potion of berserk rage for 80 gold pieces
 35031 | D:13     | Noticed Sonja
 35034 | D:13     | Killed Sonja
 35428 | D:13     | Received a gift from Trog
 36885 | D:14     | Found a gate to the Vaults.
 37102 | Vaults:1 | Entered Level 1 of the Vaults
 37110 | Vaults:1 | Received a gift from Trog
 37523 | Vaults:1 | Reached XP level 18. HP: 144/173 MP: 26/26
 37585 | Vaults:1 | Found Gozag's Antique Armour Emporium.
 37727 | Vaults:1 | Found Gozag's Antique Armour Emporium.
 37727 | Vaults:1 | Found an opulent altar of Gozag.
 37728 | Vaults:1 | Found Gozag's Assorted Antiques.
 38087 | Vaults:1 | Bought a fuming purple potion for 90 gold pieces
 38496 | Vaults:1 | Paralysed by a great orb of eyes for 2 turns
 38624 | Vaults:1 | Received a gift from Trog
 38864 | Vaults:1 | Received a gift from Trog
 39118 | Vaults:1 | Reached skill level 19 in Fighting
 39242 | Vaults:2 | Found Ypepedu's General Store.
 39249 | Vaults:2 | Bought a scroll of fear for 59 gold pieces
 39249 | Vaults:2 | Bought a scroll of random uselessness for 17 gold pieces
 39249 | Vaults:2 | Bought a scroll of amnesia for 59 gold pieces
 39259 | Vaults:2 | Noticed sanboga's ghost (adept GrBe)
 39327 | Vaults:2 | Found a runed translucent gate.
 39327 | Vaults:2 | Found a runed translucent gate.
 39327 | Vaults:2 | Found a runed translucent gate.
 40145 | Vaults:1 | Received a gift from Trog
 40507 | Vaults:1 | Noticed a shard shrike
 40950 | Vaults:1 | Killed a shard shrike
 41323 | Vaults:2 | Received a gift from Trog
 41386 | Vaults:2 | Found a staircase to the Crypt.
 41668 | Vaults:2 | Reached skill level 15 in Maces & Flails
 42129 | Vaults:2 | Noticed Asterion
 42140 | Vaults:2 | Killed Asterion
 42308 | Vaults:2 | Reached XP level 19. HP: 75/184 MP: 11/27
 43732 | Vaults:2 | Reached skill level 20 in Fighting
 43740 | Vaults:3 | Paralysed by an ogre mage for 4 turns
 43751 | Vaults:3 | Received a gift from Trog
 43877 | Vaults:3 | Noticed Frederick
 43892 | Vaults:3 | Killed Frederick
 45023 | Vaults:3 | Received a gift from Trog
 45172 | Vaults:3 | Found Cusk's Assorted Antiques.
 45177 | Vaults:3 | Bought an orange potion for 27 gold pieces
 45177 | Vaults:3 | Bought a grey potion for 27 gold pieces
 45653 | Vaults:4 | Found Jystu's General Store.
 45661 | Vaults:4 | Bought a potion of haste for 130 gold pieces
 46094 | Vaults:4 | Found a runed translucent gate.
 46095 | Vaults:4 | Found a runed translucent gate.
 46428 | Vaults:4 | Found a runed translucent gate.
 46429 | Vaults:4 | Noticed Faca's ghost (adept MiBe)
 46953 | D:15     | Entered Level 15 of the Dungeon
 46956 | D:15     | Noticed Rupert
 47338 | D:14     | Received a gift from Trog
 47370 | D:14     | Killed Rupert
 47573 | D:15     | Received a gift from Trog
 47576 | D:15     | Identified the +12 dagger "Memp" {antimagic, rElec Dex+5}
                  | (Trog gifted it to you on level 15 of the Dungeon)
 47849 | D:15     | Found a staircase to the Depths.
 48032 | Depths:1 | Entered Level 1 of the Depths
 48035 | Depths:1 | Found Humuidghu's Magic Scroll Emporium.
 48059 | Depths:1 | Bought a scroll of teleportation for 54 gold pieces
 48059 | Depths:1 | Bought a scroll of blinking for 135 gold pieces
 48059 | Depths:1 | Bought a scroll of enchant weapon for 135 gold pieces
 48406 | Depths:1 | Reached XP level 20. HP: 89/195 MP: 19/28
 48442 | Depths:1 | Found Atwy's Antique Weapon Boutique.
 48530 | Depths:1 | Found Copum's Armour Shop.
 48565 | Depths:1 | Bought the +7 scale mail "Quhymuq" {rCorr} for 825 gold
                  | pieces
 48849 | Depths:1 | Found Vetsupn's Antique Armour Emporium.
 48870 | Depths:1 | Found a gateway to Hell.
 49112 | Depths:1 | Received a gift from Trog
 49186 | Depths:2 | Found Lool's Jewellery Shop.
 49186 | Depths:2 | Found Koaroih's Antique Armour Boutique.
 49401 | Depths:2 | Received a gift from Trog
 49758 | Depths:2 | Reached skill level 21 in Fighting
 49899 | Depths:2 | Identified the +3 faerie dragon scales {rCorr Dex+2}
 49899 | Depths:2 | Noticed the Enchantress
 50566 | Depths:2 | Paralysed by you for 7 turns
 50578 | Depths:2 | Paralysed by you for 4 turns
 50888 | Depths:2 | Received a gift from Trog
 50952 | Depths:2 | Identified the ring "Zawnaad" {MR+ Str+3} (You found it on
                  | level 2 of the Depths)
 50966 | Depths:2 | Reached skill level 15 in Shields
 51164 | Depths:2 | Killed the Enchantress
 51368 | Depths:3 | Found a one-way gate leading to the halls of Pandemonium.
 52031 | Depths:3 | Received a gift from Trog
 52880 | Depths:3 | Found a gateway to a ziggurat.
 53073 | Depths:3 | Noticed an ancient lich
 53091 | Depths:3 | Killed an ancient lich
 53091 | Depths:3 | Received a gift from Trog
 53097 | Depths:3 | Found an ancient bone altar of Kikubaaqudgha.
 53103 | Depths:3 | Reached XP level 21. HP: 153/205 MP: 18/29
 53188 | Depths:3 | Received a gift from Trog
 53189 | Depths:3 | Found the +8 whip "Snakebite" {curare, rPois}
 53210 | Depths:3 | Reached skill level 10 in Dodging
 53747 | Depths:3 | Found a one-way gate to the infinite horrors of the Abyss.
 53768 | Depths:3 | Cast into level 3 of the Abyss (the power of Zot)
 53975 | Abyss:3  | Received a gift from Trog
 54097 | Abyss:3  | Gained mutation: Scrolls take you a little longer to read.
                  | [a neqoxec]
 54180 | Abyss:3  | Reached skill level 22 in Fighting
 54209 | Abyss:3  | Received a gift from Trog
 54223 | Depths:3 | Escaped the Abyss
 54245 | Depths:3 | Found Qyex's Antique Weapon Emporium.
 54586 | Depths:3 | Found a runed translucent door.
 54606 | Depths:3 | Found a radiant altar of Vehumet.
 54606 | Depths:3 | Noticed an ancient lich
 55435 | Depths:4 | Received a gift from Trog
 55812 | Depths:4 | Paralysed by a floating eye for 4 turns
 56282 | Depths:4 | Received a gift from Trog
 56287 | Depths:4 | Identified the +5 mace of Cacarod {drain, rElec Dex+2
                  | Stlth+} (Trog gifted it to you on level 4 of the Depths)
 57027 | Depths:5 | Entered Level 5 of the Depths
 57028 | Depths:5 | Noticed Boris
 57207 | Depths:5 | Noticed Xtahua
 57631 | Depths:4 | Killed Xtahua
 57802 | Depths:5 | Reached XP level 22. HP: 150/217 MP: 30/30
 58242 | Depths:5 | Received a gift from Trog
 59232 | Elf:1    | Entered Level 1 of the Elven Halls
 59434 | Elf:1    | Identified Roxanne's Catalogue of Clay
 59434 | Elf:1    | Noticed Roxanne
 59677 | Elf:1    | Received a gift from Trog
 59682 | Elf:1    | Identified the +3 dagger of Untimely Demise {pierce, rC-
                  | Int+4 Dex+5} (Trog gifted it to you on level 1 of the Elven
                  | Halls)
 59749 | Elf:1    | Reached skill level 23 in Fighting
 59769 | Elf:1    | Found a portal to a secret trove of treasure.
 60297 | Elf:1    | Found Fumeah's Gadget Boutique.
 60298 | Elf:1    | Found Toqan's Jewellery Emporium.
 60299 | Elf:1    | Found Maerr's Gadget Boutique.
 60552 | Elf:2    | Received a gift from Trog
 60706 | Elf:2    | Found a flickering gateway to a bazaar.
 60725 | Bazaar   | Entered a bazaar
 60729 | Bazaar   | Found Houfish's Gadget Boutique.
 60747 | Bazaar   | Found Uppiakk's Antique Armour Emporium.
 60752 | Bazaar   | Bought a faintly glowing chain mail for 152 gold pieces
 60752 | Bazaar   | Bought the -2 hat of the Alchemist {rElec rPois rF+ rC+ rN+
                  | MR+ rMut rCorr} for 755 gold pieces
 60752 | Bazaar   | Found the -2 hat of the Alchemist {rElec rPois rF+ rC+ rN+
                  | MR+ rMut rCorr}
 60774 | Bazaar   | Found Takapre's Jewellery Boutique.
 60779 | Bazaar   | Bought the amulet of the Louse {Inacc rPois rF+ Int-5
                  | Dex+2} for 84 gold pieces
 60791 | Bazaar   | Found Woqetih's Weapon Shoppe.
 60827 | Elf:2    | Identified the +0 chain mail "Yfokho" {rC++} (You bought it
                  | in a shop in a bazaar)
 60919 | Elf:2    | Found a runed translucent gate.
 60919 | Elf:2    | Found a runed translucent gate.
 60919 | Elf:2    | Found a runed translucent gate.
 61151 | Elf:2    | Received a gift from Trog
 61243 | Elf:3    | Entered Level 3 of the Elven Halls
 61807 | Elf:3    | Killed from afar by a deep elf sorcerer

Skill      XL: |  1  2  3  4  5  6  7  8  9 10 11 12 13 14 15 16 17 18 19 20 21 22 |
---------------+-------------------------------------------------------------------+-----
Axes           | 4 6 7 8 9 |  9.2
Fighting       | 4 5 7 9 10 12 14 15 16 17 18 19 20 21 22 23 | 23.5
Armour         | 3 4 5 6 7 8 10 12 14 16 17 18 19 | 19.2
Dodging        | 3 4 5 6 7 8 9 11 12 | 12.0
Short Blades   | 1 2 3 5 6 |  6.6
Shields        | 1 2 3 4 5 6 7 9 10 11 13 14 15 17 18 | 18.6
Invocations    | 2 3 5 8 10 11 12 | 12.1
Stealth        | 1 2 3 4 |  4.3
Slings         | 1 5 7 9 10 12 | 12.7
Maces & Flails | 1 2 3 5 6 9 11 12 14 15 16 17 | 17.4
Throwing       | 1 3 5 6 10 11 12 13 14 | 14.3

Action                   |  1- 3 |  4- 6 |  7- 9 | 10-12 | 13-15 | 16-18 | 19-21 | 22-24 || total
-------------------------+-------+-------+-------+-------+-------+-------+-------+-------++-------
Melee: Hand axe          |    60 |       |       |       |       |       |       |       ||    60
       Headbutt          |    21 |    26 |    39 |   121 |   321 |   625 |   716 |   159 ||  2028
       Short sword       |    37 |   148 |   144 |   101 |       |       |       |       ||   430
       Whip              |       |       |    65 |   272 |  1158 |  2271 |  1784 |   148 ||  5698
       War axe           |       |       |    12 |    20 |       |       |       |       ||    32
       Broad axe         |       |       |       |    55 |       |       |       |       ||    55
       Rapier            |       |       |       |     9 |       |       |       |       ||     9
       Morningstar       |       |       |       |       |    56 |    54 |   597 |     1 ||   708
       Mace              |       |       |       |       |    66 |   154 |    19 |    12 ||   251
       Demon whip        |       |       |       |       |       |       |    81 |   415 ||   496
       Dagger            |       |       |       |       |       |       |    17 |       ||    17
 Fire: Hunting sling     |       |       |   254 |   463 |       |       |       |       ||   717
       Blowgun           |       |       |     4 |     3 |    13 |    24 |       |     1 ||    45
       Fustibalus        |       |       |       |   151 |    65 |       |       |       ||   216
Throw: Stone             |       |     5 |       |       |       |       |       |       ||     5
       Tomahawk          |       |       |     1 |    11 |   304 |   207 |    56 |       ||   579
       Throwing net      |       |       |       |     1 |     3 |       |       |       ||     4
       Javelin           |       |       |       |       |    32 |    58 |    89 |    11 ||   190
Invok: Berserk           |       |       |     3 |     6 |    15 |    17 |     7 |       ||    48
       Brothers in Arms  |       |       |       |       |     4 |     9 |     4 |     4 ||    21
       Trog's Hand       |       |       |       |       |       |     1 |     7 |       ||     8
  Use: Scroll            |       |       |     1 |       |     2 |     3 |     6 |     3 ||    15
       Potion            |       |       |       |       |       |     4 |     1 |       ||     5
 Stab: Held in net/web   |       |       |       |       |     3 |       |       |       ||     3
       Distracted        |       |       |       |       |       |     1 |       |       ||     1
       Paralysed         |       |       |       |       |       |       |     1 |       ||     1
  Eat: Chunk             |       |     4 |    14 |    29 |    27 |    47 |    40 |     8 ||   169
       Ration            |       |       |     1 |     1 |     6 |     9 |     6 |     2 ||    25
Armor: Animal skin       |     5 |       |       |       |       |       |       |       ||     5
       Ring mail         |    18 |       |    37 |   124 |    45 |       |       |       ||   224
       Acid dragon scale |     9 |    51 |    65 |       |       |       |       |       ||   125
       Plate armour      |       |       |       |       |   456 |  1147 |   119 |       ||  1722
       Chain mail        |       |       |       |       |       |       |   174 |       ||   174
       Scale mail        |       |       |       |       |       |       |   448 |    90 ||   538
Dodge: Dodged            |    57 |    73 |   117 |   255 |   424 |   820 |   616 |   138 ||  2500
Block: Buckler           |    14 |    12 |    47 |   113 |   244 |   620 |   172 |       ||  1222
       Reflection        |       |       |       |       |    12 |    37 |    66 |    36 ||   151
       Shield            |       |       |       |       |       |       |   587 |   231 ||   818
